Map: [ESL] Royal Blood

Players

Cure - Winner!

  • Race: Terran Terran

Clem

  • Race: Terran Terran

Event: IEM Katowice 2023

VOD

Have the link to the VOD?

Description

Time

  • Played on: Feb. 11, 2023, 5:26 a.m.
  • Length: 8:52

All games in this series

Show
View Real Time Build Order
Export as new Build Order

Cure Terran - Winner!

Build Orders: Gas First Reaper Expand, Liberator Opening 

Get SALT Encoding   

  12  0:00  SCV  
  13  0:12  SCV  
  14  0:17  Supply Depot  
  14  0:24  SCV  
  14  0:27  Refinery  
  15  0:38  SCV  
  16  0:43  Barracks  
  16  0:50  SCV  
  17  1:02  SCV  
  18  1:15  SCV  
  19  1:30  Orbital Command, Reaper  
  20  1:41  Command Center  
  20  1:51  Factory  
  20  1:56  SCV  
  21  2:03  Refinery  
  21  2:04  Barracks Reactor  
  21  2:08  SCV  
  22  2:12  Supply Depot  
  22  2:20  SCV  
  23  2:34  SCV  
  23  2:36  Starport  
  24  2:44  Hellion x2  
  28  2:46  SCV  
  29  2:52  Orbital Command  
  29  2:58  SCV  
  30  3:06  Hellion  
  30  3:07  Hellion  
  30  3:10  SCV  
  35  3:16  Liberator  
  38  3:20  Barracks Tech Lab  
  38  3:22  SCV  
  38  3:24  SCV  
  40  3:30  Supply Depot  
  40  3:33  Hellion  
  42  3:36  Hellion  
  42  3:39  SCV  
  45  3:42  SCV  
  45  3:43  Barracks Tech Lab  
  46  3:51  Supply Depot  
  46  3:52  SCV  
  46  3:54  SCV, Refinery  
  48  4:04  SCV  
  48  4:06  SCV  
  48  4:07  Marine  
  48  4:08  Cyclone  
  51  4:16  SCV  
  50  4:18  SCV  
  50  4:28  SCV  
  50  4:30  SCV  
  43  4:40  SCV  
  43  4:42  SCV  
  43  4:43  Raven  
  43  4:44  Marine x2  
  49  4:49  Cyclone  
  52  4:54  SCV x2  
  54  5:03  Marine x2, Supply Depot  
  56  5:11  SCV x2  
  57  5:21  Siege Tank  
  57  5:24  SCV x2  
  57  5:25  Marine x2  
  66  5:28  Raven  
  66  5:33  Supply Depot  
  64  5:36  SCV x2  
  66  5:43  Marine x2  
  66  5:46  Command Center  
  66  5:48  SCV x2, Supply Depot  
  70  5:57  Siege Tank  
  70  6:01  Marine x2  
  70  6:02  SCV x2, Supply Depot  
  77  6:10  Raven  
  79  6:17  Barracks x2, SCV x2  
  81  6:23  Marine x2  
  83  6:28  Refinery  
  83  6:29  SCV x2  
  85  6:34  Siege Tank  
  88  6:40  Engineering Bay  
  88  6:41  SCV x2  
  88  6:42  Engineering Bay  
  90  6:53  Marine, SCV x2  
  93  6:54  Stimpack  
  93  6:57  Viking x2  
  97  7:05  SCV x2, Barracks Reactor  
  97  7:06  Barracks Reactor  
  97  7:07  Siege Tank  
  102  7:11  Marine  
  102  7:13  Refinery  
  102  7:14  Refinery  
  103  7:17  SCV x2, Supply Depot  
  103  7:18  Orbital Command, Supply Depot  
  105  7:29  SCV x2, Viking  
  109  7:34  Supply Depot  
  109  7:38  Marine  
  109  7:39  Viking  
  109  7:41  Siege Tank, SCV x2  
  109  7:42  Marine x4  
  121  7:46  SCV  
  121  7:51  Supply Depot  
  122  7:53  SCV  
  123  8:03  Marine x5  
  125  8:07  Viking  
  125  8:09  Viking  
  127  8:14  Siege Tank  
  128  8:30  Marine x4  
  128  8:31  Marine  
Show
View Real Time Build Order
Export as new Build Order

Clem Terran 

Build Orders: 1/1/1, Liberator Opening 

Get SALT Encoding   

  12  0:00  SCV  
  13  0:12  SCV  
  14  0:17  Supply Depot  
  14  0:24  SCV  
  15  0:38  SCV  
  15  0:39  Barracks  
  15  0:42  Refinery  
  16  0:50  SCV  
  16  0:52  Refinery  
  17  1:02  SCV  
  18  1:14  SCV  
  20  1:25  Reaper  
  20  1:27  Orbital Command  
  20  1:29  Supply Depot  
  20  1:42  Factory  
  20  1:53  SCV  
  21  1:58  Barracks Reactor  
  21  2:05  SCV  
  22  2:17  SCV  
  23  2:26  Starport, Hellion  
  23  2:29  SCV  
  26  2:30  Supply Depot  
  26  2:34  Reaper x2  
  28  2:41  SCV  
  29  2:49  Hellion  
  31  3:02  Liberator  
  34  3:08  Reaper  
  34  3:12  Hellion  
  37  3:15  Reaper  
  38  3:20  Command Center  
  38  3:25  Supply Depot  
  38  3:30  SCV  
  38  3:33  Factory Tech Lab  
  39  3:47  Marine x2, Medivac, SCV  
  44  3:57  Supply Depot  
  44  3:59  SCV  
  45  4:07  Marine  
  45  4:09  Marine  
  47  4:19  SCV, Cyclone  
  49  4:25  Marine  
  49  4:27  Marine  
  47  4:31  SCV  
  47  4:33  Orbital Command  
  47  4:34  Starport Tech Lab  
  46  4:43  Marine, SCV  
  46  4:44  Marine  
  46  4:46  Refinery  
  46  4:52  Raven  
  48  4:54  Cyclone  
  48  4:55  SCV  
  48  4:59  SCV  
  53  5:02  Marine x2  
  55  5:07  SCV  
  56  5:14  Starport  
  56  5:15  SCV  
  56  5:20  Marine x2, SCV  
  60  5:27  SCV  
  59  5:29  Siege Tank  
  59  5:32  SCV  
  61  5:38  Marine x2, Supply Depot  
  61  5:39  SCV  
  63  5:44  SCV  
  63  5:46  Raven  
  66  5:51  SCV  
  66  5:52  Command Center  
  66  5:56  SCV  
  68  6:01  Siege Tank  
  68  6:03  SCV  
  72  6:07  Refinery  
  72  6:08  Viking  
  72  6:09  SCV  
  75  6:17  Supply Depot  
  75  6:18  Viking  
  77  6:20  SCV  
  78  6:33  Supply Depot  
  78  6:38  SCV x2, Viking  
  83  6:41  Siege Tank, Supply Depot  
  83  6:46  Barracks Reactor  
  85  6:50  SCV  
  86  6:54  SCV, Barracks, Viking  
  86  6:55  Barracks  
  86  6:59  Viking  
  89  7:04  Supply Depot  
  61  7:08  Viking  
  89  7:09  Orbital Command  
  89  7:11  SCV  
  89  7:13  SCV  
  93  7:17  Siege Tank  
  93  7:22  Marine x2  
  96  7:23  SCV  
  96  7:25  SCV  
  96  7:27  Viking  
  102  7:30  Viking  
  102  7:36  SCV  
  105  7:38  SCV  
  105  7:41  Barracks Tech Lab, Supply Depot  
  106  7:44  Supply Depot  
  106  7:45  Viking  
  106  7:48  SCV  
  106  7:49  Marine  
  106  7:50  SCV  
  111  7:52  Siege Tank  
  111  7:56  Supply Depot  
  114  8:00  SCV  
  114  8:01  Orbital Command, Viking  
  114  8:05  Viking  
  118  8:08  Marine  
  118  8:10  Marine x2  
  118  8:11  Marine  
  104  8:32  Marine  
  104  8:33  Marine  

Tags
 
Add a new tag
Caveats
  • Supply blocks, unpowered buildings, or Contaminate may cause inaccurate times.
  • Supply counts are checked every 10 seconds.